 Dungeon Crawl Stone Soup version 0.31-a0-233-g139696dc86 (webtiles) character file.

Game seed: 3813686500869251901

54648 qw the Marksgargoyle (level 14, -6/87 (94) HPs)
             Began as a Gargoyle Hexslinger on July 8, 2023.
             Was an Elder of Okawaru.
             Shot with an arrow by Nessos (15 damage)
             ... on level 13 of the Dungeon.
             The game lasted 00:08:20 (16433 turns).

qw the Marksgargoyle (Gargoyle Hexslinger)         Turns: 16433, Time: 00:08:21

HP:   -6/87 (94)    AC: 34    Str: 12    XL:     14   Next: 73%
MP:   19/21         EV: 23    Int: 15    God:    Okawaru [****..]
Gold: 956           SH:  0    Dex: 27    Spells: 14/15 levels left

rFire   . . .        Y - +3 orcbow (flame)
rCold   . . .        (shield currently unavailable)
rNeg    + . .        p - +1 ring mail "Gosacur" {Regen+ Dex+5}
rPois   inf          j - +2 helmet
rElec   +            r - +0 cloak
rCorr   .            a - +2 pair of gloves
SInv    .            n - +0 pair of boots
Will    +....        q - amulet of regeneration
Stlth   +++          f - +6 ring of dexterity
HPRegen 1.94/turn    i - +4 ring of protection
MPRegen 0.17/turn

%: no passive effects
@: about to teleport, heroic, flying, drained
A: sickness immunity, AC +10, big wings, negative energy resistance 1,
electricity resistance, torment resistance 1, petrification resistance
a: Renounce Religion, Heroism, Finesse


You were on level 13 of the Dungeon.
You worshipped Okawaru.
Okawaru was greatly pleased with you.
You visited 3 branches of the dungeon, and saw 19 of its levels.

You collected 1046 gold pieces.
You spent 90 gold pieces at shops.


Innate Abilities, Weirdness & Mutations

You are immune to sickness and miasma.
Your stone body is resilient. (AC +10)
You are immune to poison.
Your large and strong wings let you fly.
You resist negative energy. (rN+)
You are resistant to electric shocks. (rElec)
You are resistant to unholy torment.
You are immune to petrification.


   Skills:
 + Level 13.2(18.2) Fighting
 - Level 16.0(21.0) Ranged Weapons
 - Level 9.0(14.0) Armour
 - Level 9.0(14.0) Dodging
 - Level 1.0 Spellcasting
 - Level 2.6 Hexes
 - Level 10.0 Invocations


You had 14 spell levels left.
You knew the following spells:

 Your Spells              Type           Power      Damage    Failure   Level
a - Slow                  Hex            32%        N/A       14%         1

Your spell library contained the following spells:

 Spells                   Type           Power      Damage    Failure   Level
 Inner Flame              Hex/Fire       4%         N/A       58%         3
 Portal Projectile        Hex/Tloc       8%         N/A       58%         3
 Cause Fear               Hex            4%         N/A       82%         4

Inventory:

Hand Weapons
 Y - a +3 orcbow of flaming (weapon)
Armour
 a - a +2 pair of gloves (worn)
 j - a +2 helmet (worn)
 n - a +0 pair of boots (worn)
 p - the +1 ring mail "Gosacur" (worn) {Regen+ Dex+5}
   (You found it on level 2 of the Lair of Beasts)

   Dex:       It affects your dexterity (+5).
   Regen:     It increases your rate of health regeneration.
 r - a +0 cloak (worn)
Jewellery
 b - a ring of protection from fire
 f - a +6 ring of dexterity (left hand)
 i - a +4 ring of protection (right hand)
 q - an amulet of regeneration (around neck)
Scrolls
 e - 6 scrolls of identify
 l - a scroll of teleportation
Potions
 c - 2 potions of haste
 d - 11 potions of curing
 g - 3 potions of mutation
 h - a potion of magic
 k - 5 potions of might
 m - 6 potions of cancellation
 o - a potion of resistance
 s - 3 potions of enlightenment
 t - a potion of invisibility {unknown}
 u - a potion of heal wounds

Dungeon Overview and Level Annotations

Branches:
Dungeon (13/15)            Temple (1/1) D:7            Lair (5/5) D:8
 Shoals (0/4) Lair:3        Snake (0/4) Lair:3        Slime (0/5) Lair:4
    Orc (0/2) D:11
 Vaults: D:13-14

Altars:
Ashenzari
Cheibriados
Dithmenos
Elyvilon
Fedhas
Gozag
Hepliaklqana
Kikubaaqudgha
Makhleb
Nemelex Xobeh
Okawaru
Qazlal
Ru
Sif Muna
Trog
Uskayaw
Vehumet
Wu Jian
Xom
Yredelemnul
Zin
The Shining One
Lugonu

Shops:
D:2 =

Portals:
Abyss: Lair:5

Annotations:
D:8 3 runed translucent doors, qw's ghost, journeyman GrHu
D:12 1 runed translucent door, MackTheFife's ghost, journeyman OgFi
D:13 Josephine; Nessos


Message History

Josephine points at you and mumbles some strange words.
The ghostly flame explodes!
The ghostly fireball engulfs the wraith.
The wraith completely resists.
The ghostly fireball engulfs Josephine.
Josephine completely resists.
The ghostly fireball engulfs you! You partially resist.
You feel drained.
The ghostly fireball engulfs the skeletal warrior.
The skeletal warrior completely resists.
You shoot an arrow. The arrow hits the skeletal warrior!
The arrow burns the skeletal warrior.
The skeletal warrior is severely damaged.
Nessos shoots an arrow.
The arrow hits you! The arrow burns you.
You shoot an arrow.
The arrow hits the skeletal warrior but does no damage.
The skeletal warrior is severely damaged.
You feel like a meek peon again.
Nessos shoots an arrow.
The arrow completely misses you. The wraith barely misses you.
The skeletal warrior barely misses you.
Nessos shoots an arrow.
The arrow closely misses you.
16432 ||| INVOKING Heroism.
You gain the combat prowess of a mighty hero.
The wraith barely misses you.
The skeletal warrior completely misses you.
Josephine gestures at you while chanting.
The ghostly flame explodes!
The ghostly fireball engulfs the wraith.
The wraith completely resists.
The ghostly fireball engulfs Josephine.
Josephine completely resists.
The ghostly fireball engulfs you! You partially resist.
You feel drained.
The ghostly fireball engulfs the skeletal warrior.
The skeletal warrior completely resists.
16433 ||| READING 2 scrolls of teleportation.
As you read the scroll of teleportation, it crumbles to dust.
You feel strangely unstable.
Nessos gestures wildly while chanting.
Nessos blinks!
Nessos shoots an arrow.
The arrow hits you. The arrow burns you. The wraith misses you.
The skeletal warrior closely misses you.
Nessos shoots an arrow.
The arrow hits you!
You die...

.............# ######
.....%.......# ##.....
.......<.....#
.......#+####.....##'###
............#######.....
.......c................
........................
......z.................
....W@W@.ยค..............
......c)...........#####
###############'####....
#............
#............
#............
#############


You could see Nessos (fast), Josephine, a skeletal warrior, a centaur warrior
and 2 wraiths.

Vanquished Creatures
  Gastronok (Lair:1)
  Snorg (D:13)
  A rakshasa (D:13)
  2 hydras
  Erica (D:11)
  2 two-headed ogres (D:11)
  A boulder beetle (D:11)
  A death knight (D:13)
  2 thrashing horrors (Lair:5)
  2 skysharks
  2 skeletal warriors (D:13)
  A fire crab (shapeshifter) (D:13)
  Amaemon (D:10)
  An orc knight (D:12)
  Pikel (D:9)
  A deep elf pyromancer (D:12)
  2 harpies (Lair:3)
  4 ugly things
  4 cyclopes
  A manticore (D:12)
  5 elephants
  7 black mambas
  An orange demon (D:10)
  Joseph (D:8)
  A gargoyle (D:12)
  An unseen horror (D:11)
  10 cane toads
  2 smoke demons (Lair:5)
  10 komodo dragons
  An unseen horror (shapeshifter) (Lair:5)
  A kobold demonologist (D:12)
  3 rime drakes
  An ancient zyme (Lair:5)
  A troll (D:11)
  Grinder (D:2)
  22 blink frogs
  2 polar bears (Lair:2)
  2 large abominations (Lair:5)
  A shadow (D:7)
  2 slime creatures
  2 spriggans (Lair:5)
  47 yaks
  4 wraiths
  2 basilisks (shapeshifter) (Lair:5)
  5 basilisks
  A vampire (D:12)
  Eustachio (D:6)
  A chaos spawn (Lair:5)
  5 wyverns
  Grum (D:8)
  2 steam dragons
  Edmund (D:4)
  2 vampire mosquitoes (D:11)
  2 wargs (D:12)
  2 acid dragons (D:13)
  18 water moccasins
  3 ice beasts (D:6)
  4 black bears
  A sky beast (D:6)
  3 ogres
  3 orc warriors
  4 centaurs
  4 wolves (D:8)
  A lemure (D:9)
  A phantom (D:7)
  7 kobold brigands
  13 bullfrogs
  2 gnoll sergeants
  4 scorpions
  8 wights
  9 killer bees
  6 electric eels (Lair:3)
  A howler monkey (D:4)
  4 lava snakes (Lair:3)
  A hound (D:5)
  5 jellies
  11 orc priests
  3 gnoll boudas
  A sleepcap (D:7)
  Jessica (D:3)
  3 iguanas
  8 orc wizards
  Natasha (twice) (D:3)
  4 hell rats (Lair:3)
  9 small abominations (Lair:5)
  Robin (D:4)
  24 gnolls
  12 adders
  2 shadow imps
  2 white imps
  2 ufetubi (D:5)
  4 worms
  2 dart slugs
  20 orcs
  6 bats
  5 endoplasms
  4 giant cockroaches
  15 goblins
  17 hobgoblins
  6 jackals
  50 kobolds
  3 quokkas
  6 ball pythons
  3 frilled lizards
  A rat (D:3)
514 creatures vanquished.

Vanquished Creatures (others)
  A blink frog (Lair:5)
  An orc wizard (D:8)
2 creatures vanquished.

Grand Total: 516 creatures vanquished

Notes
Turn   | Place    | Note
-------+----------+-------------------------------------------
     0 | D:1      | qw the Gargoyle Hexslinger began the quest for the Orb.
     0 | D:1      | Reached XP level 1. HP: 12/12 MP: 2/2
     0 | D:1      | 0 ||| qw: Version: 0.3-a-46-gb1f654a
     0 | D:1      | 0 ||| qw: Game counter: 3392
     0 | D:1      | 0 ||| qw: Melee chars always use a shield: true
     0 | D:1      | 0 ||| qw: God list: Okawaru
     0 | D:1      | 0 ||| qw: Allow faded altars: false
     0 | D:1      | 0 ||| qw: Do Orc after clearing Dungeon:15 true
     0 | D:1      | 0 ||| qw: Do second Lair branch before Depths: true
     0 | D:1      | 0 ||| qw: Lair rune preference: random
     0 | D:1      | 0 ||| qw: Goals: Normal
     0 | D:1      | 0 ||| PLANNING D:1-11
    13 | D:1      | You fall into a shaft and drop 1 floor!
    25 | D:2      | 25 ||| DROPPING scroll of poison.
   195 | D:1      | Reached XP level 2. HP: 16/16 MP: 3/3
   270 | D:1      | Reached skill level 3 in Ranged Weapons
   715 | D:1      | 715 ||| UPGRADING to +6 ring of dexterity.
   716 | D:1      | 716 ||| READING scroll labelled BIESA KATIWN.
   717 | D:1      | 717 ||| READING scroll labelled KAN YQ OMUI.
   718 | D:1      | 718 ||| READING 2 scrolls labelled NEUMAC RECAY.
   729 | D:2      | Reached XP level 3. HP: 21/21 MP: 4/4
   783 | D:2      | HP: 4/21 [adder (3)]
   887 | D:2      | Reached XP level 4. HP: 26/26 MP: 5/5
   961 | D:2      | Reached skill level 4 in Ranged Weapons
  1452 | D:2      | Found Hubeuly's Jewellery Shoppe.
  1456 | D:2      | 1456 ||| SHOPLISTING +6 ring of dexterity (432 gold, have
                  | 37).
  1456 | D:2      | 1456 ||| SHOPLISTING amulet of reflection (360 gold, have
                  | 37).
  1456 | D:2      | 1456 ||| SHOPLISTING amulet of regeneration (360 gold, have
                  | 37).
  1456 | D:2      | 1456 ||| SHOPLISTING amulet of the acrobat (360 gold, have
                  | 37).
  1456 | D:2      | 1456 ||| SHOPLISTING ring of resist corrosion (240 gold,
                  | have 37).
  1456 | D:2      | 1456 ||| SHOPLISTING ring of willpower (300 gold, have 37).
  1518 | D:2      | 1518 ||| UPGRADING to +2 pair of gloves.
  1523 | D:2      | 1523 ||| READING 2 scrolls labelled DEETTU AZXU.
  1524 | D:2      | 1524 ||| DRINKING 3 smoky golden potions.
  1525 | D:2      | 1525 ||| READING 2 scrolls of identify.
  1525 | D:2      | 1525 ||| IDENTIFYING yellow potion
  1526 | D:2      | 1526 ||| DROPPING scroll of vulnerability.
  1540 | D:3      | Noticed Grinder
  1545 | D:3      | Paralysed by Grinder for 3 turns
  1548 | D:3      | 1548 ||| STAIRDANCE
  1550 | D:2      | Killed Grinder
  1551 | D:2      | Reached skill level 6 in Ranged Weapons
  1551 | D:2      | Reached XP level 5. HP: 17/30 MP: 6/6
  1551 | D:2      | Reached XP level 6. HP: 20/35 MP: 7/7
  1626 | D:3      | Reached skill level 3 in Fighting
  1654 | D:3      | Found a hazy altar of Hepliaklqana.
  1711 | D:3      | Noticed Natasha
  1713 | D:3      | Killed Natasha
  1714 | D:3      | Reached XP level 7. HP: 41/41 MP: 8/8
  1757 | D:3      | Noticed Jessica
  1759 | D:3      | Killed Jessica
  2003 | D:3      | Noticed Natasha
  2016 | D:3      | Killed Natasha
  2185 | D:3      | Found a faded altar of an unknown god.
  2441 | D:3      | 2441 ||| UPGRADING to +0 leather armour.
  2451 | D:3      | 2451 ||| DROPPING +0 robe.
  2452 | D:3      | 2452 ||| READING scroll labelled PESHUU GULEKH.
  2455 | D:3      | 2455 ||| READING scroll labelled KISCHOXZE TIHOO.
  2456 | D:3      | 2456 ||| READING scroll labelled COKHLU IKOEMAW.
  2457 | D:3      | 2457 ||| DRINKING 2 gluggy clear potions.
  2491 | D:3      | 2491 ||| DRINKING 2 black potions.
  2492 | D:3      | 2492 ||| DROPPING potion of lignification.
  2592 | D:4      | Noticed Robin
  2606 | D:4      | Killed Robin
  2612 | D:4      | Reached skill level 1 in Armour
  3033 | D:4      | Found a snail-covered altar of Cheibriados.
  3110 | D:4      | 3110 ||| Stepping ~*~*~tactically~*~*~ (outnumbered).
  3477 | D:4      | Noticed Edmund
  3489 | D:4      | HP: 10/43 [Edmund/+1 flail of protection (6)]
  3490 | D:4      | 3490 ||| READING scroll of teleportation.
  3490 | D:4      | HP: 4/43 [Edmund/+1 flail of protection (6)]
  3491 | D:4      | 3491 ||| DRINKING 2 potions of heal wounds.
  3568 | D:4      | Reached skill level 7 in Ranged Weapons
  3578 | D:4      | 3578 ||| UPGRADING to +0 ring mail.
  3588 | D:4      | 3588 ||| UPGRADING to +1 helmet.
  3593 | D:4      | 3593 ||| DROPPING +0 leather armour.
  3594 | D:4      | 3594 ||| DRINKING 3 pink potions.
  3616 | D:4      | Killed Edmund
  3617 | D:4      | Reached skill level 3 in Armour
  3635 | D:5      | Entered Level 5 of the Dungeon
  3820 | D:5      | Reached XP level 8. HP: 48/48 MP: 9/9
  4346 | D:5      | 4346 ||| UPGRADING to +6 ring of strength.
  4347 | D:5      | 4347 ||| READING scroll labelled KOUT HOG ACRUH.
  4348 | D:5      | 4348 ||| READING 2 scrolls of identify.
  4348 | D:5      | 4348 ||| IDENTIFYING fizzy emerald potion
  4381 | D:6      | Reached skill level 8 in Ranged Weapons
  4423 | D:6      | Found an opulent altar of Gozag.
  4494 | D:6      | HP: 6/49 [iguana (8)]
  4495 | D:6      | 4495 ||| DRINKING potion of heal wounds.
  4504 | D:6      | HP: 11/49 [gnoll/+0 spear[a gnoll bouda] (4)]
  4665 | D:6      | Found a burning altar of Makhleb.
  4696 | D:6      | Reached skill level 9 in Ranged Weapons
  4719 | D:6      | Noticed Eustachio
  4726 | D:6      | Killed Eustachio
  4727 | D:6      | Reached skill level 6 in Fighting
  4727 | D:6      | Reached XP level 9. HP: 55/55 MP: 10/10
  4778 | D:6      | Noticed a +0 short sword
  4778 | D:6      | Noticed a +0 dagger
  4779 | D:6      | Noticed a +0 dagger
  4779 | D:6      | Noticed a +0 falchion
  4779 | D:6      | Noticed a +0 spear
  4780 | D:6      | Noticed a +0 falchion
  4781 | D:6      | Noticed a +0 spear
  4781 | D:6      | Noticed a +0 short sword
  4793 | D:6      | Reached skill level 3 in Dodging
  4845 | D:6      | Found a hide-covered altar of Uskayaw.
  5100 | D:6      | 5100 ||| UPGRADING to amulet of the acrobat.
  5105 | D:6      | 5105 ||| UPGRADING to amulet of regeneration.
  5115 | D:6      | 5115 ||| DROPPING amulet of the acrobat.
  5116 | D:6      | 5116 ||| UPGRADING to ring of protection from fire.
  5118 | D:6      | 5118 ||| DRINKING 3 brown potions.
  5119 | D:6      | 5119 ||| READING 2 scrolls of identify.
  5119 | D:6      | 5119 ||| IDENTIFYING bubbling clear potion
  5120 | D:6      | 5120 ||| DROPPING potion of magic.
  5121 | D:6      | 5121 ||| DROPPING 2 potions of attraction.
  5245 | D:7      | Reached skill level 10 in Ranged Weapons
  5256 | D:7      | 5256 ||| SWAPPING to +0 orcbow.
  5278 | D:7      | 5278 ||| DROPPING +1 heavy sling.
  5338 | D:7      | Found a staircase to the Ecumenical Temple.
  5339 | D:7      | 5339 ||| PLANNING TEMPLE
  5339 | D:7      | 5339 ||| DROPPING +1 helmet.
  5386 | Temple   | Entered the Ecumenical Temple
  5387 | Temple   | 5387 ||| PLANNING OKAWARU WORSHIP
  5522 | Temple   | Became a worshipper of Warmaster Okawaru
  5523 | Temple   | 5523 ||| PLANNING D:1-11
  6043 | D:7      | 6043 ||| UPGRADING to +4 ring of protection.
  6045 | D:7      | 6045 ||| DROPPING +6 ring of strength.
  6046 | D:7      | 6046 ||| READING scroll labelled NIRCHE TOMNIOK.
  6080 | D:8      | 6080 ||| Stepping ~*~*~tactically~*~*~ (outnumbered).
  6081 | D:8      | 6081 ||| FLEEEEING.
  6082 | D:8      | 6082 ||| FLEEEEING.
  6095 | D:8      | 6095 ||| STAIRDANCE
  6099 | D:7      | Reached skill level 11 in Ranged Weapons
  6115 | D:8      | 6115 ||| STAIRDANCE
  6136 | D:8      | 6136 ||| STAIRDANCE
  6151 | D:8      | Noticed an elephant
  6152 | D:8      | Reached XP level 10. HP: 62/64 MP: 11/11
  6169 | D:8      | Killed an elephant
  6169 | D:8      | Reached * piety under Okawaru
  6213 | D:8      | Reached skill level 1 in Invocations
  6218 | D:8      | 6218 ||| INVOKING Heroism.
  6259 | D:8      | 6259 ||| READING scroll of brand weapon.
  6259 | D:8      | 6259 ||| BRANDING +0 orcbow.
  6279 | D:8      | 6279 ||| Stepping ~*~*~tactically~*~*~ (outnumbered).
  6281 | D:8      | 6281 ||| INVOKING Heroism.
  6282 | D:8      | 6282 ||| Stepping ~*~*~tactically~*~*~ (outnumbered).
  6330 | D:8      | Reached skill level 3 in Invocations
  6342 | D:8      | Found a runed translucent gate.
  6342 | D:8      | Found a runed translucent gate.
  6342 | D:8      | Noticed a spectral unseen horror
  6342 | D:8      | Noticed a spectral unseen horror
  6343 | D:8      | Found a runed translucent gate.
  6345 | D:8      | Noticed qw's ghost (journeyman GrHu)
  6428 | D:8      | 6428 ||| INVOKING Heroism.
  6432 | D:8      | Reached ** piety under Okawaru
  6469 | D:8      | Found a staircase to the Lair.
  6473 | D:8      | Noticed Joseph
  6474 | D:8      | Noticed Grum
  6475 | D:8      | 6475 ||| INVOKING Heroism.
  6483 | D:8      | Reached skill level 12 in Ranged Weapons
  6499 | D:8      | 6499 ||| INVOKING Heroism.
  6512 | D:8      | Killed Joseph
  6520 | D:8      | 6520 ||| INVOKING Heroism.
  6525 | D:8      | Killed Grum
  6611 | D:8      | Found a shimmering blue altar of Sif Muna.
  6827 | D:8      | 6827 ||| PLANNING LAIR
  6827 | D:8      | 6827 ||| READING 2 scrolls of identify.
  6827 | D:8      | 6827 ||| IDENTIFYING smoky brown potion
  6828 | D:8      | 6828 ||| DROPPING potion of brilliance.
  6865 | Lair:1   | Entered Level 1 of the Lair of Beasts
  6875 | Lair:1   | 6875 ||| STAIRDANCE
  6878 | D:8      | 6878 ||| INVOKING Heroism.
  6886 | D:8      | HP: 13/65 [wyvern (7)]
  6887 | D:8      | 6887 ||| READING scroll of teleportation.
  6888 | D:8      | 6888 ||| DRINKING potion of heal wounds.
  6960 | Lair:1   | 6960 ||| STAIRDANCE
  7076 | Lair:1   | Noticed a cane toad
  7077 | Lair:1   | 7077 ||| INVOKING Heroism.
  7079 | Lair:1   | Reached XP level 11. HP: 69/69 MP: 11/14
  7098 | Lair:1   | Reached skill level 13 in Ranged Weapons
  7160 | Lair:1   | Reached skill level 9 in Fighting
  7426 | Lair:1   | 7426 ||| INVOKING Heroism.
  7464 | Lair:1   | Noticed Gastronok
  7465 | Lair:1   | 7465 ||| INVOKING Heroism.
  7478 | Lair:1   | Killed Gastronok
  7478 | Lair:1   | Reached *** piety under Okawaru
  7614 | Lair:1   | 7614 ||| INVOKING Heroism.
  7903 | Lair:2   | 7903 ||| INVOKING Heroism.
  7914 | Lair:2   | Reached skill level 14 in Ranged Weapons
  7960 | Lair:2   | 7960 ||| INVOKING Heroism.
  7989 | Lair:2   | Identified the +1 ring mail "Gosacur" {Regen+ Dex+5}
  8009 | Lair:2   | 8009 ||| INVOKING Heroism.
  8050 | Lair:2   | 8050 ||| INVOKING Heroism.
  8088 | Lair:2   | 8088 ||| INVOKING Heroism.
  8112 | Lair:2   | Reached **** piety under Okawaru
  8184 | Lair:2   | Reached XP level 12. HP: 77/77 MP: 15/15
  8243 | Lair:2   | 8243 ||| INVOKING Heroism.
  8559 | Lair:2   | 8559 ||| UPGRADING to +1 ring mail "Gosacur" {Regen+
                  | Dex+5}.
  8569 | Lair:2   | 8569 ||| DROPPING +0 ring mail.
  8570 | Lair:2   | 8570 ||| DROPPING +1 helmet.
  8571 | Lair:2   | 8571 ||| READING scroll labelled VEME IGGERR.
  8572 | Lair:2   | 8572 ||| READING scroll labelled CUEN DABOL.
  8573 | Lair:2   | 8573 ||| READING scroll labelled OLYRUL ZUUNU.
  8574 | Lair:2   | 8574 ||| READING scroll labelled OPANOU EDOTI.
  8575 | Lair:2   | 8575 ||| READING 4 scrolls of identify.
  8575 | Lair:2   | 8575 ||| IDENTIFYING blue potion
  8656 | Lair:3   | Found a staircase to the Snake Pit.
  8669 | Lair:3   | 8669 ||| INVOKING Heroism.
  8747 | Lair:3   | Reached skill level 6 in Invocations
  8753 | Lair:3   | Noticed a skyshark
  8754 | Lair:3   | Noticed an eight-headed hydra
  8755 | Lair:3   | 8755 ||| INVOKING Heroism.
  8767 | Lair:3   | Killed an eight-headed hydra
  8768 | Lair:3   | Reached skill level 15 in Ranged Weapons
  8768 | Lair:3   | Killed a skyshark
  8772 | Lair:3   | Reached ***** piety under Okawaru
  9056 | Lair:3   | Found a staircase to the Shoals.
  9057 | Lair:3   | 9057 ||| INVOKING Heroism.
  9069 | Lair:3   | Reached skill level 6 in Dodging
  9123 | Lair:3   | 9123 ||| FLEEEEING.
  9124 | Lair:3   | 9124 ||| FLEEEEING.
  9125 | Lair:3   | 9125 ||| FLEEEEING.
  9163 | Lair:3   | 9163 ||| Stepping ~*~*~tactically~*~*~ (water).
  9221 | Lair:3   | 9221 ||| READING scroll of enchant armour.
  9221 | Lair:3   | 9221 ||| ENCHANTING +1 helmet.
  9424 | Lair:3   | 9424 ||| FLEEEEING.
 10033 | Lair:3   | 10033 ||| DROPPING +2 hat.
 10034 | Lair:3   | 10034 ||| DROPPING +6 ring of intelligence.
 10059 | Lair:4   | Reached skill level 9 in Invocations
 10076 | Lair:4   | 10076 ||| FLEEEEING.
 10077 | Lair:4   | 10077 ||| FLEEEEING.
 10078 | Lair:4   | 10078 ||| FLEEEEING.
 10079 | Lair:4   | 10079 ||| FLEEEEING.
 10080 | Lair:4   | 10080 ||| FLEEEEING.
 10081 | Lair:4   | 10081 ||| FLEEEEING.
 10082 | Lair:4   | 10082 ||| FLEEEEING.
 10083 | Lair:4   | 10083 ||| FLEEEEING.
 10084 | Lair:4   | 10084 ||| INVOKING Heroism.
 10087 | Lair:4   | Reached XP level 13. HP: 82/82 MP: 16/19
 10102 | Lair:4   | Identified the +0 buckler "Kaped" {Rampage Regen+ Str+2}
                  | (Okawaru gifted it to you on level 4 of the Lair of Beasts)
 10102 | Lair:4   | Received a gift from Okawaru
 10123 | Lair:4   | HP: 19/82 [komodo dragon (14)]
 10124 | Lair:4   | 10124 ||| READING scroll of teleportation.
 10125 | Lair:4   | 10125 ||| DRINKING 2 potions of heal wounds.
 10247 | Lair:4   | Found a staircase to the Slime Pits.
 10376 | Lair:4   | 10376 ||| INVOKING Heroism.
 10378 | Lair:4   | Reached skill level 16 in Ranged Weapons
 10399 | Lair:4   | 10399 ||| INVOKING Heroism.
 10527 | Lair:4   | 10527 ||| INVOKING Heroism.
 10644 | Lair:4   | 10644 ||| INVOKING Heroism.
 10827 | Lair:4   | 10827 ||| INVOKING Heroism.
 10938 | Lair:4   | 10938 ||| READING 4 scrolls of identify.
 10938 | Lair:4   | 10938 ||| IDENTIFYING murky green potion
 10966 | Lair:5   | Entered Level 5 of the Lair of Beasts
 10972 | Lair:5   | 10972 ||| READING scroll of enchant weapon.
 10972 | Lair:5   | 10972 ||| ENCHANTING +1 orcbow of flaming.
 10997 | Lair:5   | 10997 ||| INVOKING Heroism.
 11111 | Lair:5   | Reached skill level 6 in Armour
 11190 | Lair:5   | 11190 ||| INVOKING Heroism.
 11223 | Lair:5   | 11223 ||| INVOKING Heroism.
 11269 | Lair:5   | 11269 ||| INVOKING Heroism.
 11327 | Lair:5   | 11327 ||| INVOKING Heroism.
 11400 | Lair:5   | 11400 ||| INVOKING Heroism.
 11465 | Lair:5   | Reached skill level 12 in Fighting
 11533 | Lair:5   | Found a corrupted altar of Lugonu.
 11533 | Lair:5   | Found a one-way gate to the infinite horrors of the Abyss.
 11538 | Lair:5   | Gained mutation: Your large and strong wings let you fly.
                  | [Gargoyle growth]
 11538 | Lair:5   | Reached XP level 14. HP: 92/92 MP: 21/21
 12035 | Lair:5   | 12035 ||| PLANNING D:1-11
 12035 | Lair:5   | 12035 ||| UPGRADING to +0 pair of boots.
 12194 | D:9      | 12194 ||| READING scroll of enchant weapon.
 12194 | D:9      | 12194 ||| ENCHANTING +2 orcbow of flaming.
 12521 | D:9      | Noticed Pikel
 12530 | D:9      | Killed Pikel
 12706 | D:9      | 12706 ||| Stepping ~*~*~tactically~*~*~ (outnumbered).
 12707 | D:9      | 12707 ||| READING 5 scrolls of identify.
 12707 | D:9      | 12707 ||| IDENTIFYING smoky clear potion
 12708 | D:9      | Found a broken altar of Ashenzari.
 12709 | D:9      | 12709 ||| Stepping ~*~*~tactically~*~*~ (outnumbered).
 12716 | D:9      | 12716 ||| Stepping ~*~*~tactically~*~*~ (outnumbered).
 12734 | D:9      | Received a gift from Okawaru
 13073 | D:9      | 13073 ||| Stepping ~*~*~tactically~*~*~ (outnumbered).
 13242 | D:9      | 13242 ||| Stepping ~*~*~tactically~*~*~ (cloud).
 13243 | D:9      | 13243 ||| Stepping ~*~*~tactically~*~*~ (cloud).
 13250 | D:9      | 13250 ||| Stepping ~*~*~tactically~*~*~ (cloud).
 13496 | D:10     | Entered Level 10 of the Dungeon
 13543 | D:10     | 13543 ||| Stepping ~*~*~tactically~*~*~ (outnumbered).
 13545 | D:10     | 13545 ||| Stepping ~*~*~tactically~*~*~ (outnumbered).
 13550 | D:10     | Noticed Amaemon
 13580 | D:10     | Killed Amaemon
 13595 | D:10     | Found Zin's Purification Station.
 13609 | D:10     | Found a glowing silver altar of Zin.
 13612 | D:10     | 13612 ||| BUYING potion of curing (90 gold).
 13612 | D:10     | Bought a potion of curing for 90 gold pieces
 13679 | D:10     | 13679 ||| Stepping ~*~*~tactically~*~*~ (outnumbered).
 13681 | D:10     | 13681 ||| Stepping ~*~*~tactically~*~*~ (outnumbered).
 14071 | D:10     | Found a sacrificial altar of Ru.
 14167 | D:10     | 14167 ||| UPGRADING to +0 cloak.
 14254 | D:11     | Noticed Erica
 14255 | D:11     | 14255 ||| INVOKING Heroism.
 14256 | D:11     | 14256 ||| INVOKING Finesse.
 14263 | D:11     | Killed Erica
 14490 | D:11     | 14490 ||| INVOKING Heroism.
 14644 | D:11     | Found a staircase to the Orcish Mines.
 14712 | D:11     | 14712 ||| Stepping ~*~*~tactically~*~*~ (outnumbered).
 14713 | D:11     | 14713 ||| Stepping ~*~*~tactically~*~*~ (outnumbered).
 15048 | D:11     | 15048 ||| PLANNING D
 15194 | D:12     | 15194 ||| INVOKING Heroism.
 15394 | D:12     | Reached skill level 9 in Armour
 15735 | D:12     | Found a runed translucent door.
 15737 | D:12     | Found a shimmering altar of Xom.
 15737 | D:12     | Noticed MackTheFife's ghost (journeyman OgFi)
 15739 | D:12     | Identified the +0 halberd of Terra Cotta {chaos, rF++ rC-
                  | Str-3 Int+9}
 16045 | D:13     | 16045 ||| INVOKING Heroism.
 16050 | D:13     | HP: 11/94 [very large slime creature (41)]
 16051 | D:13     | 16051 ||| READING 3 scrolls of teleportation.
 16052 | D:13     | 16052 ||| DRINKING 2 potions of heal wounds.
 16324 | D:13     | 16324 ||| FLEEEEING.
 16366 | D:13     | Noticed Snorg
 16367 | D:13     | 16367 ||| INVOKING Heroism.
 16377 | D:13     | Killed Snorg
 16378 | D:13     | Reached skill level 9 in Dodging
 16413 | D:13     | Noticed Nessos
 16419 | D:13     | Noticed Josephine
 16432 | D:13     | 16432 ||| INVOKING Heroism.
 16432 | D:13     | HP: 13/87 [Josephine/ghostly fireball (13)]
 16433 | D:13     | 16433 ||| READING 2 scrolls of teleportation.
 16433 | D:13     | Shot with an arrow by Nessos

Levels and vault maps discovered:
D:1:      spicycebolla_green_bress_n_ham, layout_basic
D:2:      minmay_skewed_foursquare, layout_basic, serial_shops,
          nicolae_shop_back_alley_shop, cheibrodos_gnoll_hut
D:3:      cheibrodos_greedy_goblins, layout_loops_ring, lemuel_tele_altar,
          hellmonk_ecumenical_altar_zigzags, uniq_jessica, uniq_natasha,
          uniq_grinder
D:4:      layout_basic, chei_slow_surprise, uniq_robin, uniq_edmund
D:5:      layout_loops_ring
D:6:      layout_cave_pools, nicolae_uskayaw_en_pointe,
          mainiacjoe_overflow_catch_the_wave, dk_rats_in_the_wall,
          uniq_eustachio
D:7:      layout_loops_ring, minmay_temple_entry_grid, minmay_manual_mess
D:8:      layout_rooms, nicolae_sif_muna_little_library, david_lair_generic,
          gammafunk_ghost_necromancy, uniq_joseph, uniq_grum
D:9:      layout_grid_maze, cheibrodos_ashenzari_chains,
          minmay_misc_feat_more_columns, uniq_pikel
D:10:     layout_basic, zin_purify, kennysheep_mini_moat, uniq_amaemon
D:11:     layout_gridville, orc_0_dummy, uniq_erica
D:12:     layout_loops_corners, ebering_ghost_xom
D:13:     layout_gridville, uniq_josephine, uniq_nessos, uniq_snorg
Temple:   nicolae_temple_bog_church
Lair:1:   layout_regular_city, grunt_megastairs_3, uniq_gastronok
Lair:2:   layout_roguey
Lair:3:   layout_layer_cave, nicolae_shoals_entry_roost,
          minmay_snake_entry_six_corridors, serial_bayou_pond_d,
          nicolae_lair_liquid_snakes, serial_bayou_shore_a
Lair:4:   layout_cave_pods, nicolae_slime_entry_field_trip
Lair:5:   hellmonk_lair_end_abyssal_woods, layout_gridlike,
          chequers_serial_rivers_large_a, chequers_serial_rivers_room_b

Skill      XL: |  1  2  3  4  5  6  7  8  9 10 11 12 13 14 |
---------------+-------------------------------------------+-----
Ranged Weapons | 3 6 7 9 11 12 14 15 16 | 16.0
Fighting       | 2 3 4 6 7 8 10 12 13 | 13.2
Dodging        | 2 3 4 5 6 7 9 |  9.0
Armour         | 3 4 5 6 9 |  9.0
Invocations    | 4 9 10 | 10.0
Spellcasting   | |  1.0
Hexes          | |  2.6

Action                     |  1- 3 |  4- 6 |  7- 9 | 10-12 | 13-15 || total
---------------------------+-------+-------+-------+-------+-------++-------
  Melee: Unarmed           |       |       |       |    14 |       ||    14
   Fire: Sling             |    86 |    69 |   262 |       |       ||   417
         Orcbow            |       |       |   111 |   652 |   870 ||  1633
 Invoke: Heroism           |       |       |       |    21 |    17 ||    38
         Finesse           |       |       |       |       |     1 ||     1
    Use: Scroll            |     3 |     2 |     8 |     9 |     7 ||    29
         Potion            |       |     1 |     6 |     1 |     2 ||    10
   Stab: Confused          |       |       |       |     3 |       ||     3
 Armour: Robe              |    29 |    15 |    30 |       |       ||    74
         Leather armour    |       |       |    49 |       |       ||    49
         Ring mail         |       |       |   124 |   262 |   198 ||   584
         Skin              |       |       |       |     4 |       ||     4
  Dodge: Dodged            |    59 |    38 |   243 |   365 |   409 ||  1114

Table legend:
 A = Non-vault XP
 B = Vault XP
 C = Vault XP percentage of total XP
 D = Non-vault monster count
 E = Vault monster count
 F = Vault count percentage of total count
                 A         B        C        D         E       F
            +---------+---------+-------+---------+---------+-------
      Total |   53260 |   24809 |  31.8 |     388 |     126 |  24.5
            +---------+---------+-------+---------+---------+-------
        D:1 |      31 |       0 |   0.0 |      18 |       0 |   0.0
        D:2 |      62 |     332 |  84.3 |      14 |      11 |  44.0
        D:3 |     257 |      91 |  26.1 |      25 |      12 |  32.4
        D:4 |     161 |     205 |  56.0 |      12 |      12 |  50.0
        D:5 |     228 |       0 |   0.0 |      10 |       0 |   0.0
        D:6 |    1122 |     196 |  14.9 |      17 |       1 |   5.6
        D:7 |    1418 |     386 |  21.4 |      23 |       4 |  14.8
        D:8 |    2584 |    1940 |  42.9 |      34 |      10 |  22.7
        D:9 |    2024 |     617 |  23.4 |      47 |       1 |   2.1
       D:10 |    1294 |    1179 |  47.7 |      22 |       2 |   8.3
       D:11 |    5701 |     831 |  12.7 |      32 |       1 |   3.0
       D:12 |    3975 |       0 |   0.0 |      17 |       0 |   0.0
       D:13 |    5799 |    1347 |  18.8 |      11 |       3 |  21.4
     Lair:1 |    2166 |    2502 |  53.6 |       9 |       5 |  35.7
     Lair:2 |    5586 |       0 |   0.0 |      22 |       0 |   0.0
     Lair:3 |    8132 |    4361 |  34.9 |      35 |      23 |  39.7
     Lair:4 |   10170 |     122 |   1.2 |      32 |       3 |   8.6
     Lair:5 |    2550 |   10700 |  80.8 |       8 |      38 |  82.6
            +---------+---------+-------+---------+---------+-------
